Map: Fields of Death

Players

Musumeci

  • Race: Zerg Zerg
  • League: Diamond
  • Spawn Location: 12:00

MichyMoko

  • Race: Zerg Zerg
  • Spawn Location: 12:00

Kernun

  • Race: Terran Terran
  • League: Diamond
  • Spawn Location: 7:00

Python

  • Race: Zerg Zerg
  • League: Platinum
  • Spawn Location: 6:00

VOD

Have the link to the VOD?

Description

Time

  • Played on: Feb. 18, 2017, 12:44 p.m.
  • Length: 10:26
Show
View Real Time Build Order
Export as new Build Order

Musumeci Zerg 

Build Orders: Hatch First, Muta Ling Bane 

Get SALT Encoding   

  12  0:01  Drone  
  13  0:08  Drone  
  14  0:14  Extractor  
  14  0:16  Drone  
  15  0:23  Overlord  
  15  0:41  Drone x2  
  17  1:02  Hatchery  
  16  1:20  Spawning Pool  
  16  1:22  Drone x3, Extractor  
  17  1:33  Drone  
  17  1:35  Extractor  
  17  1:39  Extractor  
  17  1:43  Drone  
  18  2:00  Drone  
  20  2:02  Extractor  
  20  2:08  Queen  
  20  2:13  Drone, Extractor  
  20  2:15  Queen  
  22  2:17  Drone  
  22  2:22  Metabolic Boost  
  25  2:24  Drone  
  27  2:32  Zergling x2  
  27  3:04  Overlord  
  27  3:09  Baneling Nest, Overlord  
  26  3:24  Zergling x16  
  34  3:27  Drone x3  
  37  3:45  Drone  
  37  3:46  Drone x2  
  40  4:00  Drone x3  
  43  4:13  Overlord x2  
  43  4:14  Lair  
  43  4:17  Hatchery  
  43  4:22  Drone x2, Extractor x2  
  43  4:23  Drone, Overlord x2, Extractor  
  41  4:48  Drone x2  
  41  4:49  Drone  
  44  4:58  Drone  
  44  4:59  Drone x7  
  52  5:13  Overseer  
  49  5:50  Spire  
  44  7:01  Mutalisk  
  44  7:02  Mutalisk x6  
  44  7:03  Mutalisk x6  
  44  7:08  Zergling x12  
  76  7:25  Zerg Flyer Weapons Level 1  
  76  7:26  Baneling Nest  
  75  8:08  Overlord  
  75  8:09  Overlord x5  
  75  8:11  Baneling x12  
  66  8:32  Zergling x24  
  66  8:33  Zergling x2  
  70  8:45  Centrifical Hooks  
  70  8:49  Drone x3, Evolution Chamber  
  70  8:50  Evolution Chamber  
  71  8:58  Drone  
  71  8:59  Drone  
  71  9:00  Drone x2  
  71  9:01  Drone x2  
  77  9:09  Hatchery  
  68  9:32  Infestation Pit  
Show
View Real Time Build Order
Export as new Build Order

MichyMoko Zerg 

Build Orders: Hatch First 

Get SALT Encoding   

  12  0:02  Drone  
  13  0:12  Overlord  
  13  0:19  Drone  
  14  0:31  Drone x2  
  16  0:35  Drone  
  17  0:47  Drone  
  18  0:59  Hatchery  
  17  1:11  Spawning Pool  
  17  1:14  Drone  
  17  1:18  Extractor  
  17  1:19  Drone  
  17  1:22  Drone  
  18  1:32  Drone  
  19  1:45  Drone  
  20  1:53  Drone  
  22  2:01  Drone  
  22  2:10  Queen  
  22  2:12  Overlord  
  24  2:17  Drone  
  25  2:24  Metabolic Boost  
  25  2:28  Queen  
  27  2:35  Roach Warren  
  24  2:56  Queen  
  24  2:58  Zergling x4  
  28  2:59  Drone x2, Zergling x2  
  31  3:10  Drone x2  
  31  3:12  Overlord  
  33  3:20  Drone  
  33  3:21  Drone  
  36  3:41  Drone  
  36  3:42  Drone x4  
  40  3:50  Drone x3  
  40  3:51  Drone  
  44  3:59  Extractor, Overlord  
  43  4:04  Overlord  
  43  4:08  Extractor  
  42  4:10  Extractor  
  41  4:27  Evolution Chamber  
  41  4:28  Roach  
  41  4:29  Roach x5  
  52  4:47  Drone  
  52  4:48  Drone x2  
  52  4:49  Overlord x2  
  55  4:57  Ravager x3  
  58  5:14  Lair  
  58  5:26  Zerg Missile Weapons Level 1  
  58  5:31  Evolution Chamber  
  58  5:33  Roach  
  58  5:34  Roach x4  
  67  5:36  Zergling x12  
  67  5:37  Zergling x2  
  74  5:44  Hatchery  
  74  5:47  Drone  
  74  5:48  Drone x2  
  76  5:50  Overlord x2  
  58  6:34  Roach  
  58  6:35  Roach x5  
  70  6:53  Roach  
  70  6:54  Roach  
  73  7:05  Queen  
  75  7:20  Zerg Ground Armor Level 1  
  77  7:23  Roach x6  
  77  7:24  Glial Reconstitution  
  87  7:42  Drone x2  
  89  7:53  Roach  
  91  7:59  Overlord x2  
  91  8:22  Hatchery  
  90  9:00  Roach x3  
  96  9:05  Hydralisk Den  
  96  9:07  Overlord x2  
  95  9:11  Drone  
  95  9:12  Drone x4  
  100  9:25  Roach  
  100  9:26  Roach x4  
  110  9:44  Overlord x2  
  110  9:45  Hydralisk x4  
  114  10:11  Overseer  
Show
View Real Time Build Order
Export as new Build Order

Kernun Terran 

Build Orders: Reaper Expand, MMM Bio 

Get SALT Encoding   

  12  0:01  SCV  
  13  0:13  SCV  
  14  0:18  Supply Depot  
  14  0:26  SCV  
  15  0:40  SCV  
  16  0:46  Refinery  
  16  0:47  Barracks  
  16  0:52  SCV  
  17  1:04  SCV  
  18  1:16  SCV  
  19  1:34  Orbital Command  
  19  1:35  Reaper  
  20  1:49  Command Center  
  20  1:59  SCV, Barracks  
  21  2:11  SCV  
  21  2:15  Supply Depot  
  22  2:17  Barracks Reactor  
  22  2:21  Refinery  
  22  2:24  SCV  
  23  2:33  Factory  
  23  2:37  SCV  
  24  2:49  SCV  
  25  3:02  Barracks Tech Lab  
  25  3:03  Marine x2  
  25  3:04  SCV  
  25  3:05  Orbital Command  
  28  3:16  SCV  
  28  3:18  Supply Depot  
  29  3:20  Marine  
  29  3:21  Marine  
  29  3:26  Stimpack  
  29  3:27  Marine  
  31  3:32  SCV x2  
  34  3:38  Marine  
  35  3:44  Starport, Factory Reactor  
  35  3:46  Marine x2  
  37  3:49  SCV x2  
  39  3:56  Marine  
  39  4:01  SCV x2  
  42  4:04  Marine  
  43  4:11  Supply Depot  
  43  4:13  SCV, Marine, Supply Depot  
  43  4:14  SCV, Marine  
  47  4:26  SCV x2  
  47  4:28  Marine  
  47  4:31  Marine  
  50  4:32  Marine  
  50  4:37  Medivac x2  
  50  4:38  SCV x2  
  58  4:42  Engineering Bay  
  58  4:47  Engineering Bay  
  58  4:50  SCV, Supply Depot  
  58  4:52  Supply Depot  
  59  4:53  Marine  
  59  4:55  SCV  
  59  4:58  Marine  
  62  5:00  Marine  
  62  5:02  SCV  
  64  5:08  Medivac x2  
  68  5:18  SCV  
  68  5:19  SCV  
  68  5:20  Refinery  
  70  5:21  Terran Infantry Weapons Level 1  
  70  5:23  Terran Infantry Armor Level 1  
  70  5:24  Barracks  
  70  5:31  SCV  
  70  5:32  Barracks  
  70  5:33  Marine x3  
  74  5:51  Marine  
  65  6:14  Barracks Tech Lab  
  65  6:28  Marine x3  
  69  6:37  Command Center  
  69  6:38  Barracks Reactor  
  68  6:40  Factory Reactor  
  68  6:41  Marine  
  68  6:44  Barracks  
  68  6:46  Marine x3  
  72  6:48  Medivac  
  72  6:49  Medivac  
  76  6:59  Marine  
  77  7:03  Marine  
  77  7:04  Marine x2  
  80  7:16  Marine x2  
  80  7:17  Marine  
  80  7:19  Widow Mine  
  80  7:21  Marine  
  86  7:29  Liberator  
  86  7:32  Combat Shields  
  86  7:40  Refinery  
  86  7:44  Marine  
  86  7:46  Widow Mine, Marine  
  86  7:47  Missile Turret  
  86  7:48  Widow Mine, Marine x4  
  86  7:49  Missile Turret  
  86  7:50  Missile Turret  
  92  7:58  Armory  
  91  8:01  Marine  
  91  8:04  Marine  
  83  8:06  Marine x4  
  83  8:11  Missile Turret  
  87  8:13  Orbital Command  
  87  8:19  Marine  
  88  8:22  Marauder  
  88  8:24  Marine x4  
  88  8:29  Barracks Reactor  
  87  8:37  Marine  
  87  8:41  Marine x2  
  87  8:42  Marauder  
  87  8:43  Missile Turret  
  87  8:44  Marauder  
  87  8:46  Missile Turret, Marine  
  87  8:47  Missile Turret  
  94  8:48  Widow Mine x2  
  94  8:50  Medivac  
  94  8:51  Missile Turret  
  94  8:55  Marine  
  101  9:05  Marine  
  101  9:10  Orbital Command  
  101  9:42  Supply Depot  
  101  9:43  Supply Depot  
  101  9:44  Supply Depot  
  101  9:59  Marauder x2, SCV x2, Marine x4  
  117  10:03  Marine  
  117  10:04  SCV, Marine  
Show
View Real Time Build Order
Export as new Build Order

Python Zerg 

Build Orders: Hatch First 

Get SALT Encoding   

  12  0:01  Drone  
  13  0:12  Overlord  
  13  0:20  Drone  
  14  0:30  Drone x2  
  14  0:35  Drone  
  17  0:45  Drone  
  18  0:51  Extractor  
  17  0:59  Hatchery  
  16  1:06  Drone x2  
  18  1:20  Spawning Pool  
  18  1:24  Drone  
  18  1:30  Overlord  
  18  1:48  Drone  
  18  1:50  Drone  
  20  2:00  Drone  
  21  2:06  Extractor  
  21  2:07  Queen  
  21  2:08  Metabolic Boost  
  22  2:11  Zergling x2  
  23  2:29  Drone, Roach Warren  
  23  2:32  Drone  
  23  2:34  Drone x3  
  27  2:47  Queen  
  29  2:53  Overlord  
  29  3:09  Roach x3  
  35  3:17  Roach x2  
  38  3:28  Roach x2  
  42  3:38  Roach  
  42  3:40  Overlord  
  44  3:46  Overlord  
  44  3:58  Drone x2  
  44  3:59  Drone x3  
  44  4:01  Drone  
  50  4:11  Drone x3  
  53  4:17  Roach  
  53  4:21  Roach  
  53  4:24  Zergling x4  
  59  4:25  Zergling x2  
  59  4:29  Overlord  
  60  4:37  Overlord  
  60  4:42  Overlord  
  60  4:51  Drone x2  
  60  4:52  Drone  
  63  4:54  Roach x3, Extractor  
  68  5:00  Roach x2  
  68  5:01  Roach  
  74  5:18  Drone x3  
  77  5:26  Lair  
  75  6:03  Roach x4  
  79  6:34  Roach x2  
  77  7:00  Roach x3  
  77  7:01  Roach  
  83  7:03  Overlord x4  
  83  7:25  Hatchery  
  82  7:55  Hydralisk Den, Spore Crawler  
  82  7:56  Spore Crawler  
  79  7:58  Spore Crawler  
  79  8:00  Spore Crawler  
  77  8:11  Overlord x2  
  77  8:14  Pneumatized Carapace  
  77  8:23  Hydralisk x13  
  103  8:27  Hydralisk x3  
  109  8:45  Queen  
  109  8:47  Hydralisk x4  
  109  8:48  Hydralisk x2  
  123  9:14  Unknown x2  
  121  9:35  Zergling x30  
  136  9:52  Drone  
  137  9:53  Overlord x2  
  137  9:54  Overlord x2  
  134  10:01  Extractor  
  134  10:02  Extractor  
Tags
 
Add a new tag
Caveats
  • Supply blocks, unpowered buildings, or Contaminate may cause inaccurate times.
  • Supply counts are checked every 10 seconds.